 Dungeon Crawl Stone Soup version 0.13-a0-2301-g23820b6 (webtiles) character file.

543 M4edhros the Sneak (level 6, 0/39 HPs)
             Began as an Octopode Artificer on July 8, 2013.
             Slain by a big kobold
             ... wielding a +0,+0 dagger
              (3 damage)
             ... on Level 4 of the Dungeon.
             The game lasted 00:04:24 (3121 turns).

M4edhros the Sneak (Octopode Artificer)             Turns: 3121, Time: 00:04:24

HP   0/39        AC  1     Str 10      XL: 6   Next: 47%
MP  10/10        EV 18     Int 16      God:
Gold 221         SH  8     Dex 18      Spells:  0 memorised,  5 levels left

Res.Fire  : . . .   See Invis. : .   n - +0,+2 spear
Res.Cold  : . . .   Warding    : .   r - +0 dwarf buckler
Life Prot.: . . .   Conserve   : .   (helmet restricted)
Res.Poison: .       Res.Corr.  : .   (no amulet)
Res.Elec. : .       Clarity    : .   (no ring)
Sust.Abil.: . .     Spirit.Shd : .   (no ring)
Res.Mut.  : .       Stasis     : .   (no ring)
Res.Rott. : .       Flight     : .   (no ring)
Saprovore : . . .                    (no ring)
                                     (no ring)
                                     (no ring)
                                     (no ring)

@: agile, slightly resistant to hostile enchantments, extremely stealthy
A: almost no armour, amphibious, 8 rings, constrict 8, camouflage 1, AC +1
a: no special abilities


You were on level 4 of the Dungeon.
You were not hungry.

You visited 1 branch of the dungeon, and saw 4 of its levels.

You collected 201 gold pieces.

Inventory:

Hand weapons
 a - a +0,+0 short sword
 n - a +0,+2 spear (weapon)
Missiles
 s - 15 sling bullets
Armour
 r - a +0 dwarven buckler (worn)
Magical devices
 b - a wand of flame (10)
 c - a wand of enslavement (11)
 d - a wand of random effects (15)
Comestibles
 f - 2 bread rations
 g - a lemon
 l - 9 grapes
 m - 2 chunks of ogre flesh
 o - a snozzcumber
 z - a pear
Scrolls
 e - 3 scrolls of remove curse {unknown}
 i - a scroll of random uselessness {unknown}
 j - 4 scrolls of identify {unknown}
 t - a scroll of magic mapping {unknown}
 u - a scroll of recharging
 v - 4 scrolls of teleportation {unknown}
 w - a scroll of enchant weapon II {unknown}
 y - a scroll of amnesia {unknown}
Jewellery
 h - an uncursed ring of poison resistance {unknown}
 p - an uncursed ring of magical power {unknown}
 q - a +4 ring of evasion {unknown}
Potions
 k - a potion of might


   Skills:
 - Level 1.3 Fighting
 - Level 1.2 Short Blades
 + Level 2.8 Polearms
 - Level 3.3 Dodging
 + Level 5.1 Stealth
 - Level 3.2 Traps
 - Level 4.1 Evocations


You had 5 spell levels left.
You didn't know any spells.

Dungeon Overview and Level Annotations

Branches:
Dungeon (4/27)
 Temple: D:4-7

Altars:


Innate Abilities, Weirdness & Mutations

You cannot wear most types of armour.
You are amphibious.
You can wear up to eight rings at the same time.
You can use your tentacles to constrict many enemies at once.
Your skin changes colour to match your surroundings (Stlth).
Your rubbery body absorbs attacks (AC +1).


Message History

* * * LOW HITPOINT WARNING * * *
You release your grip on the big kobold.
A dart shoots out and misses you. The kobold misses you.
There is a dart trap here.
A dart hits the kobold, but does no damage!
You closely miss the kobold. Your grab misses the kobold.
Your squeeze misses the kobold.
A dart hits the kobold!
The kobold hits you but does no damage.
You hit the kobold. Your grab misses the kobold.
Your squeeze misses the kobold.
The kobold is heavily wounded.
The kobold closely misses you.
You hit the kobold.
You kill the kobold!
You closely miss the big kobold. You grab the big kobold.
The big kobold is moderately wounded.
You constrict the big kobold. The big kobold hits you with a dagger.
* * * LOW HITPOINT WARNING * * *
The big kobold hits you with a dagger.
You die...

##### ### ♣#♣♣♣#P#♣P# ##
PPPP...#P♣# .# PPPP..%.%PP#
.# .@#......KP######### .#
.@#%..§.%KK@.......# ##
@#.......##.......########
.#
#PP%....PP#......%.........
.#
#PPP.≈.PP♣#.......#####...#
.### #PP#♣♣♣♣
#......%........# ...####
#########....>.....##...#
......#
#.....######.###...#.
......# #.....######.#
#...#.. #.######
###.#........# #...#..


You could see a big kobold and 2 kobolds.

Vanquished Creatures
  An ogre (D:4)
  A centaur skeleton (D:4)
  An orc wizard (D:3)
  2 worker ants (D:4)
  3 gnolls (D:2)
  5 adders
  A worm (D:3)
  6 orcs (D:3)
  4 giant cockroaches
  8 hobgoblins
  3 jackals (D:1)
  A quokka (D:3)
  6 bats
  2 giant geckos (D:3)
  5 giant newts
  5 goblins
  A goblin skeleton (D:4)
  9 kobolds
  5 rats
69 creatures vanquished.

Vanquished Creatures (collateral kills)
  An orc (D:3)
1 creature vanquished.

Vanquished Creatures (others)
  A goblin (D:1)
1 creature vanquished.

Grand Total: 71 creatures vanquished

Notes
Turn   | Place    | Note
--------------------------------------------------------------
     0 | D:1      | M4edhros, the Octopode Artificer, began the quest for the Orb.
     0 | D:1      | Reached XP level 1. HP: 14/14 MP: 1/1
   284 | D:1      | Reached XP level 2. HP: 16/19 MP: 3/3
   622 | D:2      | Reached XP level 3. HP: 11/24 MP: 4/4
   681 | D:2      | Reached XP level 4. HP: 29/29 MP: 6/6
   688 | D:2      | Reached skill level 4 in Evocations
  1746 | D:3      | Reached XP level 5. HP: 21/34 MP: 8/8
  2031 | D:3      | Reached skill level 1 in Polearms
  2901 | D:4      | Noticed an ogre
  2907 | D:4      | Killed an ogre
  2907 | D:4      | Reached XP level 6. HP: 39/39 MP: 10/10
  3036 | D:4      | Reached skill level 5 in Stealth
  3121 | D:4      | Slain by a big kobold

Action                   |  1- 3 |  4- 6 || total
-------------------------+-------+-------++-------
Melee: Short sword       |    49 |    46 ||    95
       Spear             |       |    77 ||    77
Evoke: Wand              |       |     9 ||     9
  Use: Potion            |     4 |     8 ||    12
 Stab: Sleeping          |     3 |    12 ||    15
       Invisible         |     1 |       ||     1
